TOP OF THE 1ST |
Seattle Rainiers batting - Pitching for Colorado Commanders : RHP Jerry Campbell
|
Pitching: RHP Jerry Campbell
|
|
Batting: RHB Enrique Mendoza
|
0-0: Ball 1-0: Called Strike 1-1: Foul Ball, location: 2F 1-2: SOLO HOME RUN (Flyball, 7LD), Distance : 336 ft
|
Batting: LHB Brian Boone
|
0-0: Ball 1-0: Called Strike 1-1: Swinging Strike 1-2: Ball 2-2: Ball 3-2: Base on Balls
|
Batting: SHB Nick Cox
|
0-0: Ball 1-0: Ball 2-0: Ball 3-0: Foul Ball, location: 2F 3-1: Called Strike 3-2: SINGLE (Line Drive, 34D) Brian Boone to second Brian Boone to third
|
Batting: RHB Jorge Colón
|
0-0: Called Strike 0-1: Foul Ball, location: 2F 0-2: Strikes out swinging
|
Batting: RHB Jorge Montoya
|
0-0: Ball 1-0: Grounds into double play, 6-4-3 (Groundball, 6)
|
Top of the 1st over - 1 run(s), 2 hit(s), 0 error(s), 1 left on base; Seattle 1 - Colorado 0 |
BOTTOM OF THE 1ST |
Colorado Commanders batting - Pitching for Seattle Rainiers : RHP Rafael López
|
Pitching: RHP Rafael López
|
|
Batting: RHB Emiel van Rhee
|
0-0: Ball 1-0: Ball 2-0: Swinging Strike 2-1: Ball 3-1: Called Strike 3-2: Strikes out looking
|
Batting: LHB David Hernández
|
0-0: SINGLE (Flyball, 8RS)
|
Batting: RHB Lee Price
|
0-0: Ball 1-0: SINGLE (Flyball, 7S) David Hernández to second
|
Batting: LHB Gary Kern
|
0-0: Ball David Hernández is caught stealing 3rd base Lee Price to second 1-0: Ball 2-0: Called Strike 2-1: Fly out, F8 (Flyball, 8LM)
|
Bottom of the 1st over - 0 run(s), 2 hit(s), 0 error(s), 1 left on base; Seattle 1 - Colorado 0 |
TOP OF THE 2ND |
Seattle Rainiers batting - Pitching for Colorado Commanders : RHP Jerry Campbell
|
Batting: SHB Vicente Pagán
|
0-0: Ball 1-0: Foul Ball, location: 2F 1-1: Ball 2-1: Foul Ball, location: 2F 2-2: Ball 3-2: Strikes out swinging
|
Batting: RHB Edward Melton
|
0-0: Ball 1-0: Foul Ball, location: 2F 1-1: Ball 2-1: SINGLE (Line Drive, 78M)
|
Batting: RHB Jeremiah Soto
|
0-0: Called Strike 0-1: Grounds into double play, 6-4-3 (Groundball, 6)
|
Top of the 2nd over - 0 run(s), 1 hit(s), 0 error(s), 0 left on base; Seattle 1 - Colorado 0 |
BOTTOM OF THE 2ND |
Colorado Commanders batting - Pitching for Seattle Rainiers : RHP Rafael López
|
Batting: RHB Joe Haley
|
0-0: DOUBLE (Flyball, 8RM)
|
Batting: RHB Tim Adkins
|
0-0: Ground out 6-3 (Groundball, 6)
|
Batting: SHB Pancho Vásquez
|
0-0: Called Strike 0-1: Ball 1-1: Ball 2-1: Fly out, F7 (Flyball, 78M)
|
Batting: RHB Pedro García
|
0-0: Ground out 5-3 (Groundball, 6S)
|
Bottom of the 2nd over - 0 run(s), 1 hit(s), 0 error(s), 1 left on base; Seattle 1 - Colorado 0 |
TOP OF THE 3RD |
Seattle Rainiers batting - Pitching for Colorado Commanders : RHP Jerry Campbell
|
Batting: RHB Bill Dawson
|
0-0: Foul Ball, location: 2F 0-1: Ball 1-1: Called Strike 1-2: Strikes out swinging
|
Batting: RHB Enrique Mendoza
|
0-0: Swinging Strike 0-1: Foul Ball, location: 2F 0-2: Strikes out swinging
|
Batting: LHB Brian Boone
|
0-0: Ground out 1-3 (Groundball, 15S)
|
Top of the 3rd over - 0 run(s), 0 hit(s), 0 error(s), 0 left on base; Seattle 1 - Colorado 0 |
BOTTOM OF THE 3RD |
Colorado Commanders batting - Pitching for Seattle Rainiers : RHP Rafael López
|
Batting: RHB Richard Wilkins
|
0-0: Ball 1-0: Fly out, F9 (Flyball, 9LM)
|
Batting: RHB Emiel van Rhee
|
0-0: Ball 1-0: Foul Ball, location: 2F 1-1: Ball 2-1: Ground out 6-3 (Groundball, 6)
|
Batting: LHB David Hernández
|
0-0: Ground out 5-3 (Groundball, 5S)
|
Bottom of the 3rd over - 0 run(s), 0 hit(s), 0 error(s), 0 left on base; Seattle 1 - Colorado 0 |
TOP OF THE 4TH |
Seattle Rainiers batting - Pitching for Colorado Commanders : RHP Jerry Campbell
|
Batting: SHB Nick Cox
|
0-0: Ball 1-0: Foul Ball, location: 2F 1-1: Swinging Strike 1-2: Ball 2-2: Strikes out looking
|
Batting: RHB Jorge Colón
|
0-0: Swinging Strike 0-1: Swinging Strike 0-2: Ball 1-2: Foul Ball, location: 2F 1-2: Ball 2-2: Foul Ball, location: 2F 2-2: Ball 3-2: Foul Ball, location: 2F 3-2: Foul Ball, location: 2F 3-2: Foul Ball, location: 2F 3-2: Strikes out swinging
|
Batting: RHB Jorge Montoya
|
0-0: Swinging Strike 0-1: Fly out, F9 (Flyball, 9M)
|
Top of the 4th over - 0 run(s), 0 hit(s), 0 error(s), 0 left on base; Seattle 1 - Colorado 0 |
BOTTOM OF THE 4TH |
Colorado Commanders batting - Pitching for Seattle Rainiers : RHP Rafael López
|
Batting: RHB Lee Price
|
0-0: Fly out, F9 (Flyball, 89XD)
|
Batting: LHB Gary Kern
|
0-0: Ball 1-0: Called Strike 1-1: Ball 2-1: SINGLE (Groundball, 4M)
|
Batting: RHB Joe Haley
|
0-0: Called Strike 0-1: Ball 1-1: Ball 2-1: Called Strike 2-2: Foul Ball, location: 2F 2-2: Foul Ball, location: 2F 2-2: Strikes out swinging
|
Batting: RHB Tim Adkins
|
0-0: Ball 1-0: Foul Ball, location: 2F 1-1: Fielders Choice at 2nd, U6 (Groundball, 6M)
|
Bottom of the 4th over - 0 run(s), 1 hit(s), 0 error(s), 1 left on base; Seattle 1 - Colorado 0 |
TOP OF THE 5TH |
Seattle Rainiers batting - Pitching for Colorado Commanders : RHP Jerry Campbell
|
Batting: SHB Vicente Pagán
|
0-0: Ball 1-0: Ball 2-0: Ball 3-0: Base on Balls
|
Batting: RHB Edward Melton
|
0-0: Called Strike 0-1: Foul Ball, location: 2F 0-2: Foul Ball, location: 2F 0-2: Ball 1-2: Ball 2-2: Foul Ball, location: 2F 2-2: Grounds into double play, 4-6-3 (Groundball, 4)
|
Batting: RHB Jeremiah Soto
|
0-0: Bunt for hit - play at first, batter OUT! 1-3
|
Top of the 5th over - 0 run(s), 0 hit(s), 0 error(s), 1 left on base; Seattle 1 - Colorado 0 |
BOTTOM OF THE 5TH |
Colorado Commanders batting - Pitching for Seattle Rainiers : RHP Rafael López
|
Batting: SHB Pancho Vásquez
|
0-0: Swinging Strike 0-1: SINGLE (Groundball, 56)
|
Batting: RHB Pedro García
|
0-0: Called Strike Pancho Vásquez is caught stealing 2nd base 0-1: Foul Ball, location: 2F 0-2: Foul Ball, location: 2F 0-2: Ball 1-2: Strikes out looking
|
Batting: RHB Richard Wilkins
|
0-0: Ground out 6-3 (Groundball, 6)
|
Bottom of the 5th over - 0 run(s), 1 hit(s), 0 error(s), 0 left on base; Seattle 1 - Colorado 0 |
TOP OF THE 6TH |
Seattle Rainiers batting - Pitching for Colorado Commanders : RHP Jerry Campbell
|
Batting: RHB Bill Dawson
|
0-0: Ground out 5-3 (Groundball, 5S)
|
Batting: RHB Enrique Mendoza
|
0-0: Called Strike 0-1: Called Strike 0-2: Foul Ball, location: 2F 0-2: Ball 1-2: Ball 2-2: Ball 3-2: Strikes out swinging
|
Batting: LHB Brian Boone
|
0-0: Ground out 4-3 (Groundball, 34)
|
Top of the 6th over - 0 run(s), 0 hit(s), 0 error(s), 0 left on base; Seattle 1 - Colorado 0 |
BOTTOM OF THE 6TH |
Colorado Commanders batting - Pitching for Seattle Rainiers : RHP Rafael López
|
Batting: RHB Emiel van Rhee
|
0-0: SOLO HOME RUN (Flyball, 7D), Distance : 360 ft
|
Batting: LHB David Hernández
|
0-0: SINGLE (Line Drive, 89S)
|
Batting: RHB Lee Price
|
0-0: Swinging Strike 0-1: Foul Ball, location: 2F 0-2: Ball 1-2: Strikes out swinging
|
Batting: LHB Gary Kern
|
0-0: Ball 1-0: Called Strike David Hernández steals 2nd base 1-1: Intentional Walk
|
Batting: RHB Joe Haley
|
0-0: Ball 1-0: Called Strike 1-1: Foul Ball, location: 2F 1-2: Ball Wild Pitch! David Hernández to third Gary Kern to second 2-2: Ball 3-2: Foul Ball, location: 2F 3-2: Strikes out looking
|
Batting: RHB Tim Adkins
|
0-0: Intentional Walk
|
Batting: SHB Pancho Vásquez
|
0-0: Ground out 5-3 (Groundball, 5S)
|
Bottom of the 6th over - 1 run(s), 2 hit(s), 0 error(s), 3 left on base; Seattle 1 - Colorado 1 |
TOP OF THE 7TH |
Seattle Rainiers batting - Pitching for Colorado Commanders : RHP Jerry Campbell
|
Batting: SHB Nick Cox
|
0-0: Ball 1-0: Fly out, F7 (Flyball, 7M)
|
Pinch Hitting: LHB Alan Moore
|
0-0: Ball 1-0: Ball 2-0: Ball 3-0: Called Strike 3-1: Base on Balls
|
Pitching: RHP Sixto García
|
|
Pinch Hitting: RHB Robert Marks
|
0-0: Ball 1-0: Swinging Strike 1-1: Grounds into double play, U6-3 (Groundball, 6)
|
Top of the 7th over - 0 run(s), 0 hit(s), 0 error(s), 0 left on base; Seattle 1 - Colorado 1 |
BOTTOM OF THE 7TH |
Colorado Commanders batting - Pitching for Seattle Rainiers : RHP Rafael López
|
Now at 3B: John Hill
|
|
Now at SS: Alfredo Farías
|
|
Pinch Hitting: RHB José Aranda
|
0-0: Ball 1-0: Foul Ball, location: 2F 1-1: Ball 2-1: Ball 3-1: Base on Balls
|
Batting: RHB Richard Wilkins
|
0-0: Foul Ball, location: 2F 0-1: Grounds into double play, 6-4-3 (Groundball, 6)
|
Pinch Hitting: LHB Juan Torres
|
0-0: Ball 1-0: Ground out 6-3 (Groundball, 6M)
|
Bottom of the 7th over - 0 run(s), 0 hit(s), 0 error(s), 0 left on base; Seattle 1 - Colorado 1 |
TOP OF THE 8TH |
Seattle Rainiers batting - Pitching for Colorado Commanders : RHP Sixto García
|
Now in LF: Juan Torres
|
|
Now in CF: José Aranda
|
|
Batting: SHB Vicente Pagán
|
0-0: Called Strike 0-1: Foul Ball, location: 2F 0-2: Ball 1-2: Strikes out looking
|
Batting: RHB Edward Melton
|
0-0: Ball 1-0: Called Strike 1-1: Foul Ball, location: 2F 1-2: Ball 2-2: Strikes out looking
|
Pinch Hitting: RHB Doug Williams
|
0-0: Ball 1-0: Called Strike 1-1: Foul Ball, location: 2F 1-2: Ball 2-2: Ground out U3 (Groundball, 3S)
|
Top of the 8th over - 0 run(s), 0 hit(s), 0 error(s), 0 left on base; Seattle 1 - Colorado 1 |
BOTTOM OF THE 8TH |
Colorado Commanders batting - Pitching for Seattle Rainiers : RHP Rafael López
|
Now in CF: Doug Williams
|
|
Batting: LHB David Hernández
|
0-0: Foul Ball, location: 2F 0-1: Swinging Strike 0-2: Foul Ball, location: 2F 0-2: Ball 1-2: DOUBLE (Line Drive, 9LS)
|
Pitching: RHP Domingo García
|
|
Batting: RHB Lee Price
|
0-0: Swinging Strike 0-1: Swinging Strike 0-2: Fly out, F8 (Popup, 8RS)
|
Batting: LHB Gary Kern
|
0-0: Intentional Walk
|
Batting: RHB Joe Haley
|
0-0: Ball 1-0: Called Strike 1-1: Ball 2-1: Foul Ball, location: 2F 2-2: Strikes out swinging
|
Batting: RHB Tim Adkins
|
0-0: Called Strike 0-1: Ball 1-1: Ball 2-1: Ball 3-1: Base on Balls David Hernández to third Gary Kern to second
|
Batting: SHB Pancho Vásquez
|
0-0: Fly out, F8 (Popup, 89S)
|
Bottom of the 8th over - 0 run(s), 1 hit(s), 0 error(s), 3 left on base; Seattle 1 - Colorado 1 |
TOP OF THE 9TH |
Seattle Rainiers batting - Pitching for Colorado Commanders : RHP Sixto García
|
Pitching: RHP Manuel Zarate
|
|
Pinch Hitting: RHB Jacob Hill
|
0-0: Called Strike 0-1: Ball 1-1: Swinging Strike 1-2: Strikes out swinging
|
Batting: RHB Enrique Mendoza
|
0-0: Ground out 6-3 (Groundball, 6)
|
Batting: LHB Brian Boone
|
0-0: Ball 1-0: TRIPLE (Line Drive, 89XD)
|
Batting: SHB Nick Cox
|
0-0: Ball 1-0: Ball 2-0: Foul Ball, location: 2F 2-1: Foul Ball, location: 2F 2-2: Ball 3-2: Base on Balls
|
Pinch Hitting: RHB Juan Morales
|
0-0: Ball 1-0: Fly out, F7 (Flyball, 78M)
|
Top of the 9th over - 0 run(s), 1 hit(s), 0 error(s), 2 left on base; Seattle 1 - Colorado 1 |
BOTTOM OF THE 9TH |
Colorado Commanders batting - Pitching for Seattle Rainiers : RHP Domingo García
|
Now at 2B: Jacob Hill
|
|
Now at 3B: Roberto Pérez
|
|
Batting: RHB José Aranda
|
0-0: Ball 1-0: Ball 2-0: Swinging Strike 2-1: Foul Ball, location: 2F 2-2: Strikes out swinging
|
Batting: RHB Richard Wilkins
|
0-0: Ball 1-0: Called Strike 1-1: Ball 2-1: Called Strike 2-2: Strikes out looking
|
Batting: LHB Juan Torres
|
0-0: Ball 1-0: Ball 2-0: Called Strike 2-1: Ball 3-1: Ground out 3-1 (Groundball, 34)
|
Bottom of the 9th over - 0 run(s), 0 hit(s), 0 error(s), 0 left on base; Seattle 1 - Colorado 1 |
TOP OF THE 10TH |
Seattle Rainiers batting - Pitching for Colorado Commanders : RHP Manuel Zarate
|
Batting: RHB Alfredo Farías
|
0-0: Ball 1-0: Ball 2-0: Ball 3-0: Called Strike 3-1: Foul Ball, location: 2F 3-2: Base on Balls
|
Batting: SHB Vicente Pagán
|
0-0: Bunted foul 0-1: Sac Bunt - play at first, batter OUT! 1-4 Alfredo Farías to second
|
Batting: RHB Edward Melton
|
0-0: Called Strike 0-1: Ball 1-1: Foul Ball, location: 2F 1-2: Ground out 5-3 (Groundball, 56)
|
Batting: RHB Doug Williams
|
0-0: Foul Ball, location: 2F 0-1: Ball 1-1: Swinging Strike 1-2: Ball 2-2: Fly out, F7 (Flyball, 7LM)
|
Top of the 10th over - 0 run(s), 0 hit(s), 0 error(s), 1 left on base; Seattle 1 - Colorado 1 |
BOTTOM OF THE 10TH |
Colorado Commanders batting - Pitching for Seattle Rainiers : RHP Domingo García
|
Pitching: RHP Jim Thompson
|
|
Batting: LHB David Hernández
|
0-0: Foul Ball, location: 2F 0-1: SINGLE (Groundball, 15) (infield hit)
|
Batting: RHB Lee Price
|
0-0: Ball 1-0: Ball 2-0: Called Strike 2-1: Ball 3-1: Called Strike 3-2: Base on Balls David Hernández to second
|
Batting: LHB Gary Kern
|
0-0: Called Strike 0-1: Ball 1-1: SINGLE (Line Drive, 34D) David Hernández to third Lee Price to second Runner from 3rd tries for Home, SAFE, no throw or cutoff
|
|